 Dungeon Crawl Stone Soup version 0.30-a0-368-g86fb4627a9 (webtiles) character file.

Game seed: 15224201010561946151

41 Maxmaps the Slasher (level 3, -1/43 HPs)
             Began as a Demonspawn Gladiator on Nov 20, 2022.
             Succumbed to an adder's poison
             ... on level 3 of the Dungeon.
             The game lasted 00:01:09 (1283 turns).

Maxmaps the Slasher (Demonspawn Gladiator)          Turns: 1283, Time: 00:01:09

Health: -1/43      AC: 21    Str: 12 (14) XL:     3   Next: 32%
Magic:  3/3        EV: -1    Int: 10 (11) God:
Gold:   122        SH:  0    Dex: 11 (14) Spells: 2/2 levels left

rFire   . . .      SeeInvis .    a - +0 long sword
rCold   . . .      Faith    .    (no shield)
rNeg    . . .      Spirit   .    (body armour currently unavailable)
rPois   +          Reflect  .    (helmet currently unavailable)
rElec   .          Harm     .    (cloak currently unavailable)
rCorr   .          Rampage  .    (gloves currently unavailable)
Will    .....      NoTele   +    (boots currently unavailable)
Stlth   +.........               (no amulet)
HPRegen 0.27/turn                c - +4 ring of evasion
MPRegen 0.08/turn                (no ring)

@: lethally poisoned (-1 -> -7), tree-form, constricted
A: stationary, stasis, torment immunity, boosted hp, (horns 1), demonic guardian
1
a: no special abilities


You were on level 3 of the Dungeon.
You were a tree.
You visited 1 branch of the dungeon, and saw 3 of its levels.

You collected 122 gold pieces.

Inventory:

Hand Weapons
 a - a +0 long sword (weapon)
Missiles
 d - 3 throwing nets (quivered)
 e - a javelin
Armour
 b - a +0 leather armour (melded)
Jewellery
 c - a +4 ring of evasion (left branch)
 m - an amulet of magic regeneration
Scrolls
 g - 3 scrolls of identify {unknown}
 h - 3 scrolls of amnesia {unknown}
 k - a scroll of blinking {unknown}
 l - a scroll of summoning {unknown}
 n - a scroll of fog {unknown}
Potions
 f - 3 potions of degeneration
 i - a potion of lignification
 j - a potion of curing {unknown}


   Skills:
 + Level 3.2 Fighting
 - Level 3.2 Long Blades
 - Level 1.7 Throwing
 - Level 2.6 Dodging


You had 2 spell levels left.
You didn't know any spells.
Your spell library contained the following spells:

 Spells                   Type           Power      Damage    Failure   Level
 Ozocubu's Armour         Ice            0%         N/A       75%         3
 Ozocubu's Refrigeration  Ice            0%         4d7       100%        7


Dungeon Overview and Level Annotations

Branches:
Dungeon (3/15)

Altars:
Uskayaw


Innate Abilities, Weirdness & Mutations

You are a tree.
Your roots penetrate the ground, keeping you stationary.
You cannot be teleported.
You are immune to unholy pain and torment.
Your maximum health is greatly increased.
Your equipment is partially melded.
((You have a pair of small horns on your head.))
A weak demonic guardian rushes to your aid.


Message History

You feel very sick. The adder closely misses you.
The ball python completely misses you. The ball python constricts you.
The adder closely misses you.
Unknown command.
You closely miss the adder.
The adder is moderately wounded.
You feel sick. The ball python misses you. The ball python constricts you.
The adder barely misses you. The ball python closely misses you.
The ball python constricts you.
You barely miss the adder. Your headbutt misses the adder.
The adder is moderately wounded.
You feel sick. The adder completely misses you.
The ball python bites you but does no damage.
The ball python constricts you.
* * * LOW HITPOINT WARNING * * *
The adder closely misses you.
Okay, then.
You closely miss the adder.
The adder is moderately wounded.
You feel sick. The ball python barely misses you.
The ball python constricts you. The adder bites you.
* * * LOW HITPOINT WARNING * * *
A demonic guardian appears!
The ball python closely misses you. The ball python constricts you.
The adder closely misses you.
It was a potion of degeneration.
There was something very wrong with that liquid.
You feel weakened.
You feel dopey.
You feel clumsy.
You feel sick.
Your ufetubus closely misses the ball python.
Your ufetubus hits the ball python. The ball python barely misses you.
The ball python constricts you.
* * * LOW HITPOINT WARNING * * *
The adder bites you.
* * * LOW HITPOINT WARNING * * *
You are more poisoned.
The adder poisons you!
It was a potion of lignification.
You turn into a tree.
Your +0 leather armour melds into your body.
Your roots penetrate the ground.
You die...

###
#.######
#.....<#
#.######
#.#
#######.#
#.....5♣#
#.....SS#
#.......#
#........
#.......#
.>##.....
#. #.####
#.


You could see an adder, a ball python (ally target) and a friendly ufetubus
(summoned).

Vanquished Creatures
  A worm (D:2)
  2 dart slugs (D:1)
  3 ball pythons
  2 endoplasms
  3 giant cockroaches
  5 goblins
  A hobgoblin (D:2)
  3 jackals (D:1)
  3 kobolds (D:1)
  2 quokkas (D:2)
  A bat (D:1)
  A frilled lizard (D:1)
  3 rats (D:1)
30 creatures vanquished.

Notes
Turn   | Place    | Note
-------+----------+-------------------------------------------
     0 | D:1      | Maxmaps the Demonspawn Gladiator began the quest for the
                  | Orb.
     0 | D:1      | Reached XP level 1. HP: 16/16 MP: 1/1
   187 | D:1      | Gained mutation: A weak demonic guardian rushes to your
                  | aid. [demonic ancestry]
   187 | D:1      | Reached XP level 2. HP: 22/22 MP: 2/2
   597 | D:2      | Gained mutation: You have a pair of small horns on your
                  | head. [demonic ancestry]
   597 | D:2      | Reached XP level 3. HP: 28/28 MP: 3/3
   626 | D:2      | Found a hide-covered altar of Uskayaw.
  1184 | D:2      | Found a faded altar of an unknown god.
  1282 | D:3      | HP: 1/29 [adder (1)]
  1283 | D:3      | Succumbed to an adder's poison

Illustrated notes

Levels and vault maps discovered:
D:1:      heliophobic_arrival_henge, layout_basic
D:2:      layout_loops_ring, basic_altar, shapermc_ecumenical_altar_petra
D:3:      layout_basic, grunt_temple_overflow_open, lemuel_tele_altar

Skill      XL: |  1  2  3 |
---------------+----------+-----
Long Blades    | 3 |  3.2
Fighting       | 3 |  3.2
Throwing       | |  1.7
Dodging        | |  2.6

Action                   || total
-------------------------++-------
Melee: Long sword        ||    70
       Headbutt          ||     2
  Use: Potion            ||     2
 Stab: Sleeping          ||     2
Armor: Leather armour    ||    21
Dodge: Dodged            ||    63

Table legend: (Time is in decaauts)
 A = Elapsed time spent in this place.
 B = Non-inter-level travel time spent in this place.
 C = Inter-level travel time spent in this place.
 D = Time resting spent in this place.
 E = Time spent auto-exploring this place.
 F = Levels seen in this place.
 G = Mean time per level.
                   A        B        C        D        E       F      G
               +--------+--------+--------+--------+--------+-----+--------+
         Total |   1299 |   1246 |     53 |      0 |   1039 |   3 |  433.0 |
       Dungeon |   1299 |   1246 |     53 |      0 |   1039 |   3 |  433.0 |
               +--------+--------+--------+--------+--------+-----+--------+

Top non-repeatable levels by time:
     D:2: 726 daAuts
     D:1: 549 daAuts
     D:3: 23 daAuts
